 Dungeon Crawl Stone Soup version 0.30-a0-743-gbfdf073431 (webtiles) character file.

Game seed: 18368814368856496643

854 testman the Trooper (level 8, -2/59 HPs)
             Began as a Djinni Warper on Feb 6, 2023.
             Was an Initiate of Makhleb.
             Shot with an arrow by a centaur (3 damage)
             ... on level 6 of the Dungeon.
             The game lasted 00:15:29 (4888 turns).

testman the Trooper (Djinni Warper)                 Turns: 4888, Time: 00:15:30

Health: -2/59      AC:  3    Str: 10    XL:     8   Next: 21%
Gold:   268        EV: 11    Int: 17    God:    Makhleb [......] SH:  0 Dex: 13

rFire   + + .      SeeInvis +    B - +5 long sword (freeze)
rCold   x . .      Faith    .    (no shield)
rNeg    . . .      Spirit   .    b - +0 leather armour
rPois   ∞          Reflect  .    w - +0 hat
rElec   .          Harm     .    (no cloak)
rCorr   .          Rampage  .    (no gloves)
Will    .....                    (boots unavailable)
Stlth   +                        (no amulet)
HPRegen 0.29/turn                l - ring of see invisible
MPRegen 0.00/turn                (no ring)

@: flying, very slightly contaminated
A: sickness immunity, fire resistance 2, cold vulnerability 1, float, innate
caster, HP casting, extra vitality 1
a: Renounce Religion


You were on level 6 of the Dungeon.
You worshipped Makhleb.
Makhleb was noncommittal.
You visited 2 branches of the dungeon, and saw 7 of its levels.

You collected 268 gold pieces.

Inventory:

Hand Weapons
 B - a +5 long sword of freezing (weapon)
 C - a +0 long sword
Missiles
 d - 7 boomerangs of dispersal
 h - a throwing net
 v - 6 atropa-tipped darts
Armour
 b - a +0 leather armour (worn)
 w - a +0 hat (worn)
Jewellery
 l - a ring of see invisible (left hand)
Wands
 u - a wand of iceblast (8)
 A - a wand of charming (12)
Scrolls
 c - a scroll of blinking
 f - a scroll of silence {unknown}
 k - a scroll of poison {unknown}
 n - 2 scrolls of identify
 q - a scroll of fear {unknown}
 r - a scroll of magic mapping {unknown}
 t - a scroll of teleportation {unknown}
 x - a scroll of enchant weapon {unknown}
 y - a scroll of noise {unknown}
Potions
 e - 2 potions of haste
 g - 2 potions of curing {unknown}
 i - 2 potions of heal wounds {unknown}
 j - 2 potions of mutation {unknown}
 m - 2 potions of degeneration {unknown}
 o - 2 potions of brilliance {unknown}
 p - a potion of flight {unknown}
 s - a potion of attraction {unknown}
 z - a potion of might {unknown}


   Skills:
 + Level 5.3 Fighting
 + Level 4.8 Long Blades
 - Level 0.7 Throwing
 - Level 1.0 Armour
 - Level 2.1 Dodging
 + Level 4.5 Spellcasting


You couldn't memorise any spells.
You knew the following spells:

 Your Spells              Type           Power      Damage    Failure   Level
a - Blink                 Tloc           38%        N/A       4%          2
b - Lesser Beckoning      Tloc           38%        N/A       4%          2
c - Vhi's Electric Charg  Tloc/Air       38%        N/A       10%         3
d - Teleport Other        Tloc           19%        N/A       10%         3
e - Manifold Assault      Tloc           19%        N/A       30%         4
f - Necrotise             Necr           76%        1d7       3%          1
g - Momentum Strike       Conj/Tloc      38%        3d9       4%          2
h - Stone Arrow           Conj/Erth      38%        3d9       10%         3
Your spell library was empty.

Dungeon Overview and Level Annotations

Branches:
Dungeon (6/15)             Temple (1/1) D:4

Altars:
Ashenzari
Cheibriados
Dithmenos
Elyvilon
Fedhas
Gozag
Hepliaklqana
Makhleb
Nemelex Xobeh
Okawaru
Ru
Uskayaw
Wu Jian
Yredelemnul
The Shining One


Innate Abilities, Weirdness & Mutations

You are immune to sickness and miasma.
You are immune to poison.
Your flesh is very heat resistant. (rF++)
You are vulnerable to cold. (rC-)
You float through the air rather than walking.
You learn spells naturally, not from books.
Your magical power is your life essence.
You have superior vitality. (+4 MHP)


Message History

Aiming: Stone Arrow (dangerous; 10% risk of failure)
Press: ? - help, Q - select action, (/) - cycle Shift-Dir - straight line, f - centaur
Aim: a centaur, wielding a +1 shortbow of freezing (81% to hit)
The stone arrow misses the centaur.
The centaur shoots an arrow.
The arrow hits you! The arrow freezes you!
The centaur shoots an arrow.
The arrow barely misses you.
Aiming: Stone Arrow (dangerous; 10% risk of failure)
Press: ? - help, Q - select action, (/) - cycle Shift-Dir - straight line, f/p - centaur
Aim: a centaur, wielding a +1 shortbow of freezing (81% to hit)
The stone arrow hits the centaur.
The centaur is lightly wounded.
The centaur shoots an arrow.
The arrow barely misses you.
Aiming: Stone Arrow (dangerous; 10% risk of failure)
Press: ? - help, Q - select action, (/) - cycle Shift-Dir - straight line, f/p - centaur
Aim: a centaur, wielding a +1 shortbow of freezing (lightly wounded, 81% to hit)
The stone arrow misses the centaur.
The centaur shoots an arrow.
The arrow hits you!
* * * LOW HITPOINT WARNING * * *
The arrow freezes you.
* * * LOW HITPOINT WARNING * * *
The centaur shoots an arrow.
The arrow barely misses you.
Okay, then.
As you read the scroll labelled OTHRIO ELLANGIMUANG, it crumbles to dust.
It is a scroll of identify.
e - 2 potions of haste
Okay, then.
Okay, then.
Casting: Stone Arrow (dangerous; 10% risk of failure)
Confirm with . or Enter, or press ? or * to list all spells.
Aiming: Teleport Other (dangerous; 10% risk of failure)
Press: ? - help, Shift-Dir - straight line, f/p - centaur
Aim: a centaur, wielding a +1 shortbow of freezing (lightly wounded, chance to affect: 59%)
You miscast Teleport Other.
You are very lightly contaminated with residual magic.
Nothing appears to happen.
* * * LOW HITPOINT WARNING * * *
The centaur shoots an arrow.
The arrow hits you.
* * * LOW HITPOINT WARNING * * *
The arrow freezes you.
You die...

#..#..## #####<.#
##########...# ##
...#.#..#..####.###.
c......##..........
..c...####..#.....
#......##..## ...
##........## .
##@.......#### .#
#.......##.#.#..##
#................#
##.........#####..#
##...####..>.#
#......##...##
##....###..##.#
#............#
#.....#..........


You could see a centaur.

Vanquished Creatures
  A phantom (D:5)
  A scorpion (D:5)
  4 wights (D:5)
  2 vampire bats (D:5)
  5 hounds
  A jelly (D:5)
  Jessica (D:2)
  2 iguanas
  3 gnolls (D:5)
  5 adders
  An ufetubus (D:4)
  4 worms
  2 dart slugs (D:4)
  An orc (D:3)
  10 bats
  6 endoplasms
  2 giant cockroaches (D:1)
  6 goblins
  13 hobgoblins
  4 jackals
  2 quokkas
  9 ball pythons
  2 frilled lizards
  3 kobolds
  6 rats
96 creatures vanquished.

Vanquished Creatures (collateral kills)
  A goblin (D:2)
  2 hobgoblins
  A quokka (D:2)
  A ball python (D:2)
  A bat (D:5)
6 creatures vanquished.

Vanquished Creatures (others)
  A rat (D:3)
1 creature vanquished.

Grand Total: 103 creatures vanquished

Notes
Turn   | Place    | Note
-------+----------+-------------------------------------------
     0 | D:1      | testman the Djinni Warper began the quest for the Orb.
     0 | D:1      | testman set off with the following spells memorised: Blink,
                  | Lesser Beckoning, Vhi's Electric Charge, Teleport Other,
                  | Manifold Assault.
     0 | D:1      | Reached XP level 1. HP: 18/18 MP: 0/0
   124 | D:1      | Reached XP level 2. HP: 19/23 MP: 0/0
   486 | D:1      | Reached XP level 3. HP: 25/29 MP: 0/0
   486 | D:1      | Learned a level 1 spell: Necrotise
   950 | D:1      | You are sucked into a shaft and drop 1 floor!
  1312 | D:2      | Reached XP level 4. HP: 22/34 MP: 0/0
  1464 | D:2      | Reached skill level 3 in Fighting
  1486 | D:2      | Noticed Jessica
  1492 | D:2      | Killed Jessica
  1493 | D:2      | Reached XP level 5. HP: 39/40 MP: 0/0
  1493 | D:2      | Learned a level 2 spell: Momentum Strike
  1729 | D:2      | Found a sacrificial altar of Ru.
  2385 | D:3      | Identified the +1 robe of Trumpets {rF+ rN+ Regen+ Int-4}
  2497 | D:3      | Reached XP level 6. HP: 44/46 MP: 0/0
  3163 | D:4      | Found a staircase to the Ecumenical Temple.
  3188 | Temple   | Entered the Ecumenical Temple
  3250 | Temple   | Became a worshipper of Makhleb the Destroyer
  3642 | D:5      | Entered Level 5 of the Dungeon
  3665 | D:5      | Reached skill level 4 in Fighting
  3730 | D:5      | Reached XP level 7. HP: 48/52 MP: 0/0
  3730 | D:5      | Learned a level 3 spell: Stone Arrow
  4329 | D:5      | Reached skill level 5 in Fighting
  4333 | D:5      | Reached XP level 8. HP: 36/59 MP: 0/0
  4888 | D:6      | HP: 1/59 [centaur/arrow (6)]
  4888 | D:6      | Shot with an arrow by a centaur

Illustrated notes

Levels and vault maps discovered:
D:1:      denvon_arrival_waterhouse, layout_basic
D:2:      layout_loops_ring, basic_altar, uniq_jessica
D:3:      layout_basic, minitemple, lemuel_flame_loot_1
D:4:      layout_basic, minmay_temple_entry_crystal_x
D:5:      layout_basic, roderic_batcave, nrook_loot_triangle
D:6:      layout_cave_pools, pf_just_have_faith, ebering_ghost_sewer_d,
          eino_small_chamber_without_monster, serial_bayou_pond_e
Temple:   eino_wide_crystal_templ

Skill      XL: |  1  2  3  4  5  6  7 |
---------------+----------------------+-----
Long Blades    | 2 3 4 |  4.8
Spellcasting   | 3 4 |  4.5
Fighting       | 3 4 5 |  5.3
Throwing       | |  0.7
Armour         | |  1.0
Dodging        | |  2.1

Action                     |  1- 3 |  4- 6 |  7- 9 || total
---------------------------+-------+-------+-------++-------
  Melee: Falchion          |    85 |    62 |    23 ||   170
   Cast: Necrotise         |    18 |    65 |     5 ||    88
         Momentum Strike   |       |    10 |     1 ||    11
         Blink             |       |     3 |       ||     3
         Stone Arrow       |       |       |    25 ||    25
    Use: Scroll            |       |       |     1 ||     1
   Stab: Distracted        |     1 |     1 |       ||     2
         Sleeping          |       |     1 |       ||     1
 Armour: Leather armour    |    22 |    14 |     9 ||    45
  Dodge: Dodged            |    66 |    51 |    21 ||   138

Table legend: (Time is in decaauts)
 A = Elapsed time spent in this place.
 B = Non-inter-level travel time spent in this place.
 C = Inter-level travel time spent in this place.
 D = Time resting spent in this place.
 E = Time spent auto-exploring this place.
 F = Levels seen in this place.
 G = Mean time per level.
                   A        B        C        D        E       F      G
               +--------+--------+--------+--------+--------+-----+--------+
         Total |   4913 |   4722 |    191 |     54 |   3914 |   7 |  701.9 |
       Dungeon |   4836 |   4677 |    159 |     54 |   3884 |   6 |  806.0 |
        Temple |     77 |     45 |     32 |      0 |     30 |   1 |   77.0 |
               +--------+--------+--------+--------+--------+-----+--------+

Top non-repeatable levels by time:
     D:5: 1191 daAuts
     D:1: 1037 daAuts
     D:2: 960 daAuts
     D:3: 848 daAuts
     D:4: 742 daAuts
  Temple: 77 daAuts
     D:6: 55 daAuts
